 Dungeon Crawl Stone Soup version 0.29.1-15-g9cfb28693d (webtiles) character file.

Game seed: 17874844272959776288

595 hawla the Cleaver (level 7, -1/61 HPs)
             Began as a Hill Orc Monk on Apr 20, 2023.
             Was a Believer of Beogh.
             Slain by Duvessa
             ... wielding a +0 short sword
              (4 damage)
             ... on level 5 of the Dungeon.
             The game lasted 00:08:20 (4425 turns).

hawla the Cleaver (Hill Orc Monk)                   Turns: 4425, Time: 00:08:20

Health: -1/61      AC: 13    Str: 14    XL:     7   Next: 40%
Magic:  3/7        EV:  7    Int: 12    God:    Beogh [**....]
Gold:   231        SH:  0    Dex: 13    Spells: 6/6 levels left

rFire   . . .      SeeInvis +   o - +0 battleaxe
rCold   . . .      Faith    .   (shield currently unavailable)
rNeg    . . .      Spirit   .   e - +0 chain mail
rPois   .          Reflect  .   f - +0 helmet {SInv}
rElec   .          Harm     .   (no cloak)
rCorr   .          Rampage  .   k - +2 pair of gloves {infuse}
Will    .....                   (no boots)
Stlth   ..........              (no amulet)
HPRegen 0.20/turn               (no ring)
MPRegen 0.10/turn               (no ring)

@: mighty
A: no striking features
a: Renounce Religion, Smiting


You were on level 5 of the Dungeon.
You worshipped Beogh.
Beogh was pleased with you.
You visited 1 branch of the dungeon, and saw 5 of its levels.

You collected 231 gold pieces.

Inventory:

Hand Weapons
 o - a +0 battleaxe (weapon)
 u - a +0 glaive
Armour
 e - a +0 chain mail (worn)
 f - a +0 helmet of see invisible (worn)
 k - a +2 pair of gloves of infusion (worn)
Wands
 t - a wand of digging (5)
Scrolls
 c - a scroll of amnesia
 g - 3 scrolls of identify
 i - a scroll of fear {unknown}
 j - a scroll of enchant weapon {unknown}
 l - 5 scrolls of teleportation
 m - 2 scrolls of blinking {unknown}
 p - a scroll of silence {unknown}
Potions
 d - a potion of lignification {unknown}
 h - a potion of attraction
 n - 2 potions of flight {unknown}
 q - a potion of haste {unknown}
 r - a potion of brilliance {unknown}
 s - a potion of experience {unknown}


   Skills:
 + Level 5.4 Fighting
 + Level 8.2 Axes
 + Level 2.6 Armour
 + Level 3.3 Dodging
 + Level 1.9 Stealth


You had 6 spell levels left.
You didn't know any spells.
Your spell library contained the following spells:

 Spells                   Type           Power      Damage    Failure   Level
 Sting                    Tmut/Pois      0%         1d3       100%        1
 Poisonous Vapours        Pois/Air       0%         N/A       100%        2
 Dazzling Flash           Conj/Hex       0%         N/A       100%        3
 Stone Arrow              Conj/Erth      0%         3d7       100%        3
 Animate Armour           Summ/Erth      0%         N/A       100%        4
 Iskenderun's Mystic Bla  Conj/Tloc      0%         2d3       100%        4
 Olgreb's Toxic Radiance  Pois           0%         N/A       100%        4
 Starburst                Conj/Fire      0%         6d3       100%        6
 Lehudib's Crystal Spear  Conj/Erth      0%         10d2      100%        8


Dungeon Overview and Level Annotations

Branches:
Dungeon (5/15)
 Temple: D:4-7

Altars:
Kikubaaqudgha
Nemelex Xobeh

Annotations:
D:5 Dowan; Duvessa; QwertyIsDirtey404's ghost, amateur MiBe


Message History

You now have 231 gold pieces (gained 10).
The white imp shouts!
Found 10 gold pieces.
The white imp disappears for a moment.
Duvessa zaps a wand.
The bolt of dispelling energy hits you!
* * * LOW HITPOINT WARNING * * *
QwertyIsDirtey404's ghost turns its malevolent gaze towards you.
You hear a shout!
You are too injured to fight recklessly!
You are too injured to fight recklessly!
The gnoll shouts!
Duvessa closely misses you.
You slice Duvessa!!
Duvessa is severely wounded.
Duvessa zaps a wand.
The bolt of dispelling energy hits you.
* * * LOW HITPOINT WARNING * * *
The now-empty wand crumbles to dust.
You barely miss Duvessa.
Duvessa is severely wounded.
Dowan shouts!
Duvessa hits you but does no damage.
You hit Duvessa but do no damage.
Duvessa is severely wounded.
Duvessa hits you with a +0 short sword.
* * * LOW HITPOINT WARNING * * *
Duvessa hits you with a +0 short sword.
* * * LOW HITPOINT WARNING * * *
You hit Duvessa.
Duvessa is severely wounded.
You hit Duvessa.
Duvessa is almost dead.
Duvessa hits you with a +0 short sword.
* * * LOW HITPOINT WARNING * * *
You feel better. Duvessa hits you but does no damage.
You feel very mighty all of a sudden. Dowan gestures at you while chanting.
The puff of flame hits you!
* * * LOW HITPOINT WARNING * * *
Duvessa hits you with a +0 short sword.
You die...

...... ..... ... # ...# ..#
#.##..# #..# .#..##...#
##...#...# © #....#...###
#. ###..........#
.#.#.....#@.....##
..5#.....#ee.....#
$#x##............## .. #
##............# ...
#............# ##.....
####.##...........###......
#.....#....................
..###.#..##..##............
###..##................


You could see Duvessa and Dowan.

Vanquished Creatures
  Prince Ribbit (D:5)
  Grinder (D:4)
  An ogre (D:4)
  A hound (D:4)
  An iguana (D:4)
  3 orc wizards
  Ijyb (D:4)
  4 adders
  An ufetubus (D:5)
  2 worms
  2 dart slugs
  7 orcs
  2 endoplasms (D:2)
  3 giant cockroaches
  9 goblins
  9 hobgoblins
  3 jackals (D:1)
  5 kobolds
  2 quokkas (D:1)
  4 ball pythons
  7 bats
  3 frilled lizards
  4 rats
76 creatures vanquished.

Vanquished Creatures (others)
  An orc priest (D:5)
  2 orc wizards (D:5)
  A white imp (D:5)
  2 orcs (D:5)
  A plant (D:1)
7 creatures vanquished.

Grand Total: 83 creatures vanquished

Notes
Turn   | Place    | Note
-------+----------+-------------------------------------------
     0 | D:1      | hawla the Hill Orc Monk began the quest for the Orb.
     0 | D:1      | Reached XP level 1. HP: 19/19 MP: 1/1
   107 | D:1      | Reached XP level 2. HP: 3/27 MP: 2/2
   693 | D:1      | Reached XP level 3. HP: 30/33 MP: 3/3
  1094 | D:2      | Reached skill level 5 in Axes
  1207 | D:2      | Reached XP level 4. HP: 34/40 MP: 4/4
  2450 | D:3      | Found a sparkling altar of Nemelex Xobeh.
  2719 | D:4      | Reached XP level 5. HP: 36/47 MP: 3/5
  2821 | D:4      | Found an ancient bone altar of Kikubaaqudgha.
  2840 | D:4      | Reached skill level 6 in Axes
  2971 | D:4      | Noticed Grinder
  2979 | D:4      | Killed Grinder
  2980 | D:4      | Reached skill level 7 in Axes
  2980 | D:4      | Reached XP level 6. HP: 53/53 MP: 3/6
  3130 | D:4      | Reached skill level 5 in Fighting
  3472 | D:4      | Noticed Ijyb
  3480 | D:4      | Killed Ijyb
  3540 | D:4      | Reached XP level 7. HP: 26/61 MP: 1/7
  4029 | D:5      | Entered Level 5 of the Dungeon
  4030 | D:5      | Noticed Duvessa
  4035 | D:5      | Noticed Dowan
  4047 | D:4      | Reached skill level 8 in Axes
  4285 | D:5      | Noticed Prince Ribbit
  4289 | D:5      | Became a worshipper of Beogh the Brigand
  4289 | D:5      | Reached * piety under Beogh
  4289 | D:5      | Reached ** piety under Beogh
  4335 | D:5      | Killed Prince Ribbit
  4412 | D:5      | Noticed QwertyIsDirtey404's ghost (amateur MiBe)
  4425 | D:5      | HP: 3/61 [Dowan/puff of flame (10)]
  4425 | D:5      | Slain by Duvessa

Illustrated notes

Levels and vault maps discovered:
D:1:      nicolae_arrival_washed_ashore, layout_basic, serial_bayou_crossing
D:2:      layout_rooms
D:3:      layout_loops_ring, nicolae_overflow_hidden_temple
D:4:      layout_loops_corners, mainiacjoe_overflow_six_doors_small,
          minmay_stone_trees_medium, st_stairs_6, uniq_grinder, uniq_ijyb
D:5:      layout_cave_pods, temple_fountains, gammafunk_ghost_abyssal_escape,
          hangedman_decor_push, nicolae_shop_i_like_big_books,
          uniq_prince_ribbit1, uniq_sigmund, uniq_duvessa

Skill      XL: |  1  2  3  4  5  6  7 |
---------------+----------------------+-----
Fighting       | 4 5 |  5.4
Axes           | 5 7 8 |  8.2
Dodging        | 3 |  3.3
Armour         | 2 |  2.6
Stealth        | |  1.9

Action                   |  1- 3 |  4- 6 |  7- 9 || total
-------------------------+-------+-------+-------++-------
Melee: Hand axe          |   119 |    40 |       ||   159
       Punch             |     2 |       |       ||     2
       Battleaxe         |       |    66 |    25 ||    91
       Glaive            |       |       |     1 ||     1
Invok: Convert to Beogh  |       |       |     1 ||     1
  Use: Potion            |     2 |     3 |     2 ||     7
       Scroll            |       |     4 |       ||     4
 Stab: Sleeping          |     2 |       |       ||     2
Armor: Robe              |    20 |       |       ||    20
       Chain mail        |    39 |    23 |    14 ||    76
       Skin              |       |    15 |     3 ||    18
Dodge: Dodged            |    84 |    63 |    15 ||   162
